 Dungeon Crawl Stone Soup version 0.24-a0-57-gac335f2 (webtiles) character file.

Game seed: 17407590488806342648

14056 galech the Cleaver (level 11, 0/87 HPs)
             Began as a Demonspawn Fighter on Jan 31, 2019.
             Was a High Priest of Okawaru.
             Slain by an orc warlord
             ... wielding a +5 battleaxe of flaming
              (11 damage)
             ... on level 1 of the Orcish Mines on Feb 4, 2019.
             The game lasted 00:20:02 (13937 turns).

galech the Cleaver (Demonspawn Fighter)            Turns: 13937, Time: 00:20:03

Health: 0/87       AC: 26    Str: 17    XL:     11   Next: 83%
Magic:  18/20      EV: 10    Int: 10    God:    Okawaru [*****.]
Gold:   924        SH: 17    Dex: 15    Spells: 10/10 levels left

rFire    . . .     SeeInvis .   m - +0 hand axe (venom)
rCold    . . .     Gourm    .   c - +0 shield
rNeg     . . .     Faith    .   C - +0 plate armour
rPois    .         Spirit   .   (helmet restricted)
rElec    .         Reflect  +   D - +0 cloak
rCorr    .         Harm     .   i - +0 pair of gloves
MR       .....                  K - +0 pair of boots
Stlth    ..........             Q - +4 amulet of reflection
HPRegen  0.24/turn              a - ring of magical power
MPRegen  0.17/turn              w - ring of stealth

@: heroism, sanguine armour
A: horns 1, demonic guardian 2, sanguine armour 1
a: Heroism, Finesse, Renounce Religion


You were on level 1 of the Orcish Mines.
You worshipped Okawaru.
Okawaru was extremely pleased with you.
You were hungry.

You visited 3 branches of the dungeon, and saw 13 of its levels.
You also visited: Sewer.

You collected 924 gold pieces.

Inventory:

Hand Weapons
 m - a +0 hand axe of venom (weapon)
 p - a +2 vampiric war axe
 N - a +1 falchion of flaming
Armour
 c - a +0 shield (worn)
 i - a +0 pair of gloves (worn)
 C - a +0 plate armour (worn)
 D - a +0 cloak (worn)
 K - a +0 pair of boots (worn)
 T - a +0 ring mail of positive energy
Jewellery
 a - a ring of magical power (left hand)
 l - an uncursed ring of flight
 w - a ring of stealth (right hand)
 E - a +2 ring of intelligence
 I - an uncursed ring of wizardry
 O - a cursed amulet of inaccuracy {unknown}
 Q - a +4 amulet of reflection (around neck)
Wands
 L - a wand of clouds (5)
 M - a wand of paralysis (4)
 P - a wand of disintegration (34)
Scrolls
 b - 2 scrolls of enchant armour {unknown}
 d - 12 scrolls of identify
 g - 5 scrolls of remove curse
 j - a scroll of blinking
 s - 2 scrolls of fog
 x - 5 scrolls of teleportation {unknown}
 y - 5 scrolls of random uselessness {unknown}
 z - 3 scrolls of enchant weapon {unknown}
 B - 3 scrolls of magic mapping
 F - 2 scrolls of immolation {unknown}
 H - a scroll of vulnerability {unknown}
 J - 2 scrolls of amnesia {unknown}
Potions
 e - 2 potions of heal wounds {unknown}
 h - 2 potions of lignification {unknown}
 k - 8 potions of curing
 n - 3 potions of might
 o - a potion of invisibility {unknown}
 q - 2 potions of magic {unknown}
 r - 3 potions of brilliance {unknown}
 t - a potion of flight {unknown}
 u - 6 potions of haste {unknown}
 v - 2 potions of degeneration {unknown}
 A - 2 potions of berserk rage {unknown}
 G - a potion of cancellation {unknown}
 R - a potion of mutation {unknown}
Comestibles
 f - 25 rations


   Skills:
 + Level 8.3(13.3) Fighting
 + Level 0.5(5.5) Long Blades
 + Level 10.7(15.7) Axes
 + Level 7.9(12.9) Armour
 + Level 3.3(8.3) Dodging
 + Level 2.5(7.5) Stealth
 + Level 9.3(14.3) Shields
 + Level 1.2 Invocations


You had 10 spell levels left.
You didn't know any spells.
Your spell library contained the following spells:

 Spells                   Type           Power        Failure   Level  Hunger
 Animate Skeleton         Necr           N/A          100%        1    ##.....
 Apportation              Tloc           #.....       100%        1    ##.....
 Confusing Touch          Hex            #.....       100%        1    ##.....
 Summon Small Mammal      Summ           #...         100%        1    ##.....


Dungeon Overview and Level Annotations

Branches:
Dungeon (11/15)            Temple (1/1) D:6            Lair (0/6) D:9
    Orc (1/2) D:10

Altars:
Ashenzari
Cheibriados
Dithmenos
Fedhas
Hepliaklqana
Kikubaaqudgha
Okawaru
Qazlal
Sif Muna
Uskayaw
Yredelemnul
Beogh

Annotations:
D:5 2 transporters, Lavandula's ghost, novice HaAM
D:7 exclusion: oklob plant


Innate Abilities, Weirdness & Mutations

You have a pair of small horns on your head.
A demonic guardian rushes to your aid.
When seriously injured, your bleeding wounds create armour. (AC +6)


Message History

You hit the orc warlord but do no damage.
You headbutt the orc warlord.
The orc warlord is almost dead.
The orc warlord hits you with a +5 battleaxe of flaming!!
* * * LOW HITPOINT WARNING * * *
The orc warlord burns you.
* * * LOW HITPOINT WARNING * * *
You feel better. You block the orc warlord's attack.
You gain the combat prowess of a mighty hero.
You block the orc warlord's attack.
You hit the orc warlord.
The orc warlord looks as sick as possible!
You headbutt the orc warlord, but do no damage.
The orc warlord is almost dead.
Unknown command.
You hit the orc warlord.
The orc warlord looks as sick as possible!
The orc warlord is almost dead.
The orc warlord hits you with a +5 battleaxe of flaming!
You die...

.#
##.....#..............####..≈#
## ##)))..##..#.#........## ..
# ##.#(#.##.###.##........#
#..)))##^..............##
##.#..###......#......##
##.....#..............#
#..............).....##
##.###.##....o.....###
##.##.##.#..@.....##
#.........[<..[....###
##....##..)[..>......#
##..#.##..(.[........
#.......[..........#
.####.............#.....
........................#
......................###
._.........(..........#


You could see an orc warlord.

Vanquished Creatures
  A hydra (D:11)
  Pikel (D:4)
  An ugly thing (D:11)
  A gargoyle (D:11)
  3 hippogriffs
  2 yaks (D:10)
  A wyvern (D:9)
  Eustachio (D:4)
  Menkaure (D:5)
  4 wargs
  2 water moccasins
  3 porcupines (D:9)
  A sky beast (D:11)
  3 ice beasts
  A necrophage (D:8)
  12 orc warriors
  A phantom (D:10)
  2 black bears (D:9)
  4 wolves (D:9)
  4 ogres
  6 centaurs
  2 crocodiles
  4 bullfrogs
  A big kobold (D:9)
  A wyvern skeleton (D:8)
  5 scorpions
  Dowan (D:6)
  A water moccasin skeleton (D:7)
  11 killer bees
  11 wights
  3 howler monkeys (D:9)
  4 crimson imps
  6 hounds
  6 jellies
  10 orc wizards
  10 orc priests
  Crazy Yiuf (D:6)
  A centaur skeleton (D:7)
  3 iguanas
  8 worker ants
  A hound zombie (D:10)
  A hound skeleton (D:11)
  3 worker ant zombies
  2 gnolls (D:4)
  14 adders
  2 river rats (Sewer)
  5 shadow imps
  10 oozes
  2 adder skeletons (D:6)
  3 worms
  8 dart slugs
  10 leopard geckos
  57 orcs
  6 ball pythons
  3 giant cockroaches
  8 goblins
  7 hobgoblins
  14 jackals
  9 kobolds
  7 quokkas
  6 bats
  10 frilled lizards
  A jackal skeleton (D:7)
  A leopard gecko zombie (D:6)
  A quokka skeleton (D:5)
  16 rats
351 creatures vanquished.

Vanquished Creatures (collateral kills)
  A two-headed ogre (D:10)
  An orc knight (Orc:1)
  A cyclops (Orc:1)
  Maurice (D:10)
  A centaur skeleton (D:10)
  2 trolls
  2 yaks (D:10)
  A basilisk (D:9)
  A warg (Orc:1)
  Duvessa (D:6)
  4 orc warriors
  3 ogres
  4 centaurs
  A bullfrog (D:6)
  6 killer bees
  A bullfrog skeleton (D:2)
  2 hounds
  A jelly (D:7)
  2 orc priests
  2 orc wizards
  An iguana (D:7)
  A gnoll (D:4)
  A shadow imp (D:6)
  4 oozes (D:7)
  2 dart slugs (D:5)
  10 orcs
57 creatures vanquished.

Vanquished Creatures (others)
  A cyclops (Orc:1)
  An orc warrior (Orc:1)
  An iguana (D:4)
  A leopard gecko (D:4)
  4 fungi
8 creatures vanquished.

Grand Total: 416 creatures vanquished

Notes
Turn   | Place    | Note
-------+----------+-------------------------------------------
     0 | D:1      | galech the Demonspawn Fighter began the quest for the Orb.
     0 | D:1      | Reached XP level 1. HP: 18/18 MP: 1/1
   168 | D:1      | Reached skill level 2 in Axes
   465 | D:1      | Gained mutation: A weak demonic guardian rushes to your
                  | aid. [demonic ancestry]
   465 | D:1      | Reached XP level 2. HP: 20/24 MP: 2/2
  1113 | D:2      | Reached XP level 3. HP: 29/29 MP: 3/3
  1160 | D:2      | Reached skill level 1 in Dodging
  1306 | D:2      | Reached XP level 4. HP: 26/35 MP: 4/4
  1669 | D:3      | Reached skill level 3 in Axes
  1869 | D:3      | Gained mutation: You have a pair of small horns on your
                  | head. [demonic ancestry]
  1869 | D:3      | Reached XP level 5. HP: 32/41 MP: 5/5
  2212 | D:3      | Reached skill level 4 in Axes
  2400 | D:4      | Gained mutation: When seriously injured, your bleeding
                  | wounds create armour. (AC +6) [demonic ancestry]
  2400 | D:4      | Reached XP level 6. HP: 21/47 MP: 6/6
  2641 | D:4      | Noticed Eustachio
  2676 | D:4      | Killed Eustachio
  3032 | D:4      | Noticed a slave
  3033 | D:4      | Noticed a slave
  3034 | D:4      | Noticed Pikel
  3035 | D:4      | Noticed a slave
  3038 | D:4      | Noticed a slave
  3061 | D:4      | Killed Pikel
  3061 | D:4      | Reached skill level 5 in Axes
  3061 | D:4      | Reached XP level 7. HP: 19/54 MP: 7/7
  3066 | D:4      | Reached XP level 8. HP: 23/61 MP: 8/8
  3067 | D:4      | Found a basalt altar of Yredelemnul.
  3068 | D:4      | Found a snail-covered altar of Cheibriados.
  3075 | D:4      | HP: 2/61 [ogre/+0 giant club (10)]
  3333 | D:4      | Reached skill level 6 in Axes
  3586 | D:5      | Entered Level 5 of the Dungeon
  3830 | D:5      | Found a glowing drain.
  3855 | Sewer    | Entered a sewer
  4388 | D:5      | Reached skill level 1 in Stealth
  4441 | D:5      | Noticed Lavandula's ghost (novice HaAM)
  4516 | D:5      | Noticed Menkaure
  4525 | D:5      | Killed Menkaure
  4525 | D:5      | Reached skill level 7 in Axes
  4771 | D:5      | Found a transporter.
  4775 | D:5      | Found the +3 salamander hide armour {+Rage rF++}
  4786 | D:5      | Found a transporter.
  5084 | D:6      | Reached skill level 5 in Armour
  5287 | D:6      | Found a staircase to the Ecumenical Temple.
  5287 | D:6      | Noticed Dowan
  5287 | D:6      | Noticed Duvessa
  5304 | D:6      | Killed Dowan
  5309 | D:6      | Killed Duvessa
  5309 | D:6      | Reached skill level 5 in Fighting
  5309 | D:6      | Reached XP level 9. HP: 39/68 MP: 9/9
  5507 | D:6      | Reached skill level 5 in Shields
  5787 | Temple   | Entered the Ecumenical Temple
  5810 | Temple   | Became a worshipper of Warmaster Okawaru
  6101 | D:6      | Found a runed translucent door.
  6102 | D:6      | Noticed Crazy Yiuf
  6107 | D:6      | Killed Crazy Yiuf
  6131 | D:6      | Got a jewelled mace
  6132 | D:6      | Identified the +7 mace of Dismay {chaos, +Rage} (You found
                  | it on level 6 of the Dungeon)
  6644 | D:7      | Reached skill level 8 in Axes
  6654 | D:7      | Reached * piety under Okawaru
  7184 | D:7      | Upgraded the game from 0.24-a0-10-gb84795d to
                  | 0.24-a0-57-gac335f2
  7251 | D:7      | Reached skill level 1 in Invocations
  7329 | D:7      | Noticed an oklob plant
  7967 | D:8      | Reached ** piety under Okawaru
  8068 | D:8      | Gained mutation: A demonic guardian rushes to your aid.
                  | [demonic ancestry]
  8068 | D:8      | Reached XP level 10. HP: 30/76 MP: 10/10
  8990 | D:8      | Reached skill level 9 in Axes
  8996 | D:8      | Found a blossoming altar of Fedhas.
  9177 | D:8      | Found a hazy altar of Hepliaklqana.
  9374 | D:9      | Found an ancient bone altar of Kikubaaqudgha.
  9405 | D:9      | Reached *** piety under Okawaru
  9882 | D:9      | Found a staircase to the Lair.
 10256 | D:9      | Reached **** piety under Okawaru
 10281 | D:10     | Entered Level 10 of the Dungeon
 10340 | D:10     | Noticed Maurice
 10346 | D:10     | Killed Maurice
 10640 | D:10     | Reached XP level 11. HP: 24/83 MP: 11/11
 10644 | D:10     | Reached skill level 10 in Axes
 10654 | D:10     | Reached ***** piety under Okawaru
 10981 | D:10     | Found a staircase to the Orcish Mines.
 11435 | D:10     | Noticed a two-headed ogre
 11437 | D:10     | Killed a two-headed ogre
 11712 | D:11     | Noticed a four-headed hydra
 11726 | D:11     | Killed a one-headed hydra
 11904 | D:11     | Received a gift from Okawaru
 12145 | D:11     | Noticed a white ugly thing
 12160 | D:11     | Killed a white ugly thing
 12595 | Orc:1    | Entered Level 1 of the Orcish Mines
 12595 | Orc:1    | Noticed an orc knight
 12600 | Orc:1    | Received a gift from Okawaru
 13249 | Orc:1    | Killed an orc knight
 13312 | Orc:1    | Found a roughly hewn altar of Beogh.
 13609 | Orc:1    | Noticed an orc warlord
 13933 | Orc:1    | HP: 4/87 [orc warlord/+5 battleaxe of flaming (2)]
 13937 | Orc:1    | Slain by an orc warlord

Vault maps used:
D:1:      dpeg_arrival_stone_temple_mockup, wad_floor_pattern_1
D:4:      chequers_temple_overflow_statue_of_worship, first_ration,
          uniq_eustachio, uniq_pikel
D:5:      kennysheep_slugbush, cheibrodos_sewer_entry_sluice,
          gammafunk_ghost_hive, uniq_menkaure
D:6:      temple_green, uniq_duvessa, uniq_crazy_yiuf_cottage
D:7:      lemuel_slime, minmay_misc_feat_rugged
D:8:      grunt_temple_overflow_open
D:9:      minmay_lair_entry_grove, basic_altar
D:10:     david_orc_3, uniq_maurice
D:11:     serial_glass, glass_columns_b, glass_columns_a
Temple:   hc_temple_tempest_star
Orc:1:    basic_altar, nooodl_orcs_dogs
Sewer:    sewer_co_cracked_pipes

Skill      XL: |  1  2  3  4  5  6  7  8  9 10 11 |
---------------+----------------------------------+-----
Axes           | 2 3 4 5 7 8 9 10 | 10.7
Armour         | 3 4 5 6 7 |  7.9
Dodging        | 1 2 3 |  3.3
Shields        | 3 4 6 7 9 |  9.3
Fighting       | 4 5 6 8 |  8.3
Stealth        | 1 2 |  2.5
Invocations    | 1 |  1.2
Long Blades    | |  0.5

Action                   |  1- 3 |  4- 6 |  7- 9 | 10-12 || total
-------------------------+-------+-------+-------+-------++-------
Melee: War axe           |   146 |   197 |   230 |       ||   573
       Headbutt          |       |    19 |    96 |   136 ||   251
       Hand axe          |       |       |   242 |   620 ||   862
       Falchion          |       |       |       |     7 ||     7
Invok: Heroism           |       |       |     1 |    11 ||    12
  Use: Potion            |       |     1 |     1 |     1 ||     3
       Scroll            |       |       |     5 |       ||     5
 Stab: Sleeping          |       |       |     3 |       ||     3
       Distracted        |       |       |     4 |     4 ||     8
  Eat: Chunk             |     2 |     6 |    16 |    19 ||    43
Armor: Scale mail        |    93 |    89 |    65 |       ||   247
       Plate armour      |       |       |   170 |   300 ||   470
Dodge: Dodged            |    66 |    72 |   114 |   108 ||   360
Block: Shield            |    82 |   100 |   251 |   411 ||   844
       Reflection        |       |       |       |    19 ||    19

Table legend:
 A = Non-vault XP
 B = Vault XP
 C = Vault XP percentage of total XP
 D = Non-vault monster count
 E = Vault monster count
 F = Vault count percentage of total count
                 A         B        C        D         E       F
            +---------+---------+-------+---------+---------+-------
      Total |   16621 |    3460 |  17.2 |     338 |      72 |  17.6
            +---------+---------+-------+---------+---------+-------
        D:1 |      40 |       0 |   0.0 |      27 |       0 |   0.0
        D:2 |      94 |       0 |   0.0 |      21 |       0 |   0.0
        D:3 |     224 |       0 |   0.0 |      28 |       0 |   0.0
        D:4 |     429 |     837 |  66.1 |      21 |       2 |   8.7
        D:5 |     602 |     222 |  26.9 |      17 |      12 |  41.4
        D:6 |     965 |     298 |  23.6 |      26 |       6 |  18.8
        D:7 |    1197 |     233 |  16.3 |      30 |      17 |  36.2
        D:8 |    1737 |       0 |   0.0 |      39 |       0 |   0.0
        D:9 |    1182 |    1337 |  53.1 |      16 |      11 |  40.7
       D:10 |    3318 |     490 |  12.9 |      44 |       8 |  15.4
       D:11 |    3605 |       0 |   0.0 |      32 |       0 |   0.0
      Orc:1 |    3228 |       0 |   0.0 |      37 |       0 |   0.0
      Sewer |       0 |      43 | 100.0 |       0 |      16 | 100.0
            +---------+---------+-------+---------+---------+-------
